Map: Odyssey LE

Players

JohnDoe

  • Race: Zerg Zerg
  • Spawn Location: 5:00

Yata - Winner!

  • Race: Zerg Zerg
  • League: Platinum
  • Spawn Location: 11:00

VOD

Have the link to the VOD?

Description

Time

  • Played on: Oct. 9, 2017, 11:52 p.m.
  • Length: 8:11
Show
View Real Time Build Order
Export as new Build Order

JohnDoe Zerg 

Build Orders: Hatch First 

Get SALT Encoding   

  12  0:02  Drone  
  13  0:12  Overlord  
  13  0:17  Drone  
  14  0:30  Drone x2  
  16  0:37  Drone  
  17  0:53  Hatchery  
  17  0:56  Drone  
  17  1:00  Extractor  
  16  1:14  Spawning Pool  
  16  1:15  Drone  
  16  1:20  Drone  
  16  1:24  Drone  
  18  1:33  Drone  
  19  1:43  Overlord  
  19  2:00  Metabolic Boost  
  19  2:01  Queen  
  19  2:05  Queen  
  19  2:08  Zergling x2  
  24  2:11  Zergling x2  
  24  2:13  Drone  
  26  2:17  Drone  
  26  2:22  Drone  
  28  2:25  Drone  
  29  2:35  Drone x2  
  31  2:56  Overlord x2, Drone  
  31  2:57  Drone  
  33  3:00  Drone  
  34  3:05  Baneling Nest  
  34  3:07  Evolution Chamber  
  34  3:09  Evolution Chamber  
  31  3:13  Drone x2  
  33  3:26  Zergling x6  
  36  3:35  Zerg Missile Weapons Level 1  
  36  3:40  Drone  
  37  3:42  Drone x2  
  37  3:43  Roach Warren, Queen  
  40  3:54  Drone  
  41  4:09  Zergling x8, Hatchery  
  44  4:10  Zergling x2  
  44  4:11  Zergling x2  
  46  4:25  Zergling x6  
  49  4:38  Drone  
  50  4:42  Roach  
  52  4:52  Hatchery  
  51  5:00  Overlord  
  51  5:01  Overlord x2  
  51  5:08  Zerg Ground Armor Level 1  
  51  5:10  Extractor  
  51  5:11  Overlord, Extractor  
  51  5:14  Drone x2  
  51  5:29  Roach x3  
  51  5:30  Roach x3  
  67  5:43  Roach x4  
  67  5:49  Drone x4  
  76  5:50  Drone  
  76  5:51  Drone  
  76  5:53  Extractor  
  76  6:01  Baneling x3  
  76  6:02  Baneling  
  76  6:08  Queen  
  78  6:13  Roach x2  
  82  6:22  Overlord x2, Drone  
  82  6:23  Drone  
  82  6:24  Drone x2  
  82  6:49  Drone x3  
  82  6:50  Drone x2  
  63  7:10  Roach x4  
  63  7:11  Roach x2  
  75  7:23  Roach x4  
  81  7:37  Roach x2  
Show
View Real Time Build Order
Export as new Build Order

Yata Zerg - Winner!

Build Orders: Hatch First 

Get SALT Encoding   

  12  0:01  Drone  
  13  0:12  Overlord  
  13  0:16  Drone  
  14  0:31  Drone  
  14  0:32  Drone  
  14  0:34  Drone  
  17  0:54  Hatchery  
  17  0:56  Drone  
  17  0:59  Drone  
  18  1:10  Extractor  
  17  1:15  Spawning Pool  
  17  1:18  Drone  
  17  1:21  Drone  
  18  1:28  Drone  
  19  1:39  Overlord  
  19  1:57  Drone  
  19  2:00  Drone  
  21  2:03  Queen  
  21  2:06  Queen  
  25  2:11  Zergling x4  
  25  2:14  Metabolic Boost  
  27  2:18  Drone  
  27  2:21  Drone  
  29  2:28  Drone  
  30  2:36  Drone  
  31  2:40  Baneling Nest  
  31  2:42  Evolution Chamber  
  31  2:43  Drone  
  30  2:47  Overlord  
  30  2:52  Zergling x2  
  31  2:59  Drone  
  32  3:14  Drone x6  
  38  3:25  Zergling x4  
  38  3:26  Zergling x4  
  42  3:30  Zerg Melee Weapons Level 1  
  42  3:35  Baneling x2  
  42  3:37  Drone x2  
  44  3:51  Overlord x2  
  44  3:52  Overlord  
  44  4:12  Zergling x2  
  44  4:13  Zergling x8  
  46  4:18  Queen  
  46  4:20  Drone x2  
  50  4:29  Queen  
  50  4:53  Zergling x12  
  50  4:55  Baneling  
  50  4:56  Baneling x3  
  56  5:01  Zergling x6  
  59  5:13  Zergling x2  
  59  5:14  Zergling x2  
  61  5:17  Lair  
  61  5:20  Hatchery  
  60  5:41  Zergling x2  
  60  5:42  Zergling x14  
  68  5:49  Roach Warren  
  67  5:51  Overlord x2  
  67  6:09  Zergling x10  
  67  6:56  Roach x7  
  67  6:57  Roach x5  
  89  7:05  Overlord x5  
  81  7:13  Roach x2  
  85  7:25  Drone x3  
  85  7:26  Extractor  
  85  7:29  Extractor  
  85  7:38  Roach x3  
Tags
 
League
Platinum
Matchup
ZvZ
Race
Zerg
Replay Pack
Pack 1
Spawn Locations
Cross Positions
Add a new tag
Caveats
  • Supply blocks, unpowered buildings, or Contaminate may cause inaccurate times.
  • Supply counts are checked every 10 seconds.